 Dungeon Crawl Stone Soup version 0.29-a0-82-g837932c90e (webtiles) character file.

Game seed: 1568132047561447234

13038 robertstho the Cleaver (level 11, -6/90 HPs)
             Began as a Minotaur Fighter on Feb 4, 2022.
             Was a Believer of Hepliaklqana.
             Mangled by a spatial maelstrom (9 damage)
             ... on level 1 of the Abyss.
             The game lasted 00:11:01 (8393 turns).

robertstho the Cleaver (Minotaur Fighter)           Turns: 8393, Time: 00:11:02

Health: -6/90      AC: 19    Str: 24    XL:     11   Next: 70%
Magic:  14/14      EV: 10    Int:  9    God:    Hepliaklqana [**....]
Gold:   302        SH:  5    Dex: 11    Spells: 10/10 levels left

rFire   . . .      SeeInvis .   a - +0 war axe
rCold   . . .      Faith    .   c - +0 buckler
rNeg    . . .      Spirit   .   i - +0 chain mail of the Bespelled Echidna {Int+4}
rPois   .          Reflect  .   (helmet restricted)
rElec   .          Harm     .   x - +2 cloak {rCorr}
rCorr   +          Rampage  .   w - +0 pair of gloves
Will    .....                   C - +1 pair of boots
Stlth   ..........              u - amulet of the acrobat
HPRegen 0.25/turn               j - ring of flight
MPRegen 0.14/turn               (no ring)

@: brilliant, flying
A: reduced essence, horns 2, retaliatory headbutt
a: Renounce Religion, Recall Ancestor, Ancestor Identity


You were on level 1 of the Abyss.
You worshipped Hepliaklqana.
Hepliaklqana was pleased with you.
You visited 2 branches of the dungeon, and saw 9 of its levels.
You visited the Abyss 1 time.
You also visited: Sewer and Bailey.

You collected 376 gold pieces.
You spent 74 gold pieces at shops.

Inventory:

Hand Weapons
 a - a +0 war axe (weapon)
 d - a +0 whip of electrocution
 B - a +0 hand axe of flaming
Armour
 c - a +0 buckler (worn)
 f - a scarf of resistance
 i - the +0 chain mail of the Bespelled Echidna (worn) {Int+4}
   (You found it on level 3 of the Dungeon)

   Int:       It affects your intelligence (+4).
 w - a +0 pair of gloves (worn)
 x - a +2 cloak of preservation (worn)
 C - a +1 pair of boots (worn)
Jewellery
 j - a ring of flight (left hand)
 u - an amulet of the acrobat (around neck)
 G - an amulet of regeneration
Wands
 m - a wand of iceblast (2)
Scrolls
 g - 2 scrolls of teleportation
 l - a scroll of summoning {unknown}
 n - a scroll of silence
 q - 2 scrolls of magic mapping {unknown}
 s - a scroll of enchant weapon
 y - 3 scrolls of amnesia {unknown}
 A - 5 scrolls of fear
 D - a scroll of torment
 F - a scroll of blinking
 H - a scroll of fog {unknown}
Potions
 b - a potion of flight
 e - 4 potions of brilliance
 h - 2 potions of berserk rage {unknown}
 k - 4 potions of lignification {unknown}
 o - 3 potions of invisibility {unknown}
 p - 3 potions of degeneration {unknown}
 r - 2 potions of curing {unknown}
 t - 5 potions of mutation {unknown}
 v - 3 potions of magic {unknown}
 z - 2 potions of resistance {unknown}


   Skills:
 * Level 10.8 Fighting
 + Level 12.2 Axes
 * Level 11.6 Armour
 + Level 5.0 Dodging
 + Level 2.3 Stealth
 + Level 6.4 Shields
 * Level 5.9 Invocations
 + Level 1.8 Evocations


You had 10 spell levels left.
You didn't know any spells.
Your spell library contained the following spells:

 Spells                   Type           Power      Damage    Failure   Level
 Apportation              Tloc           0%         N/A       95%         1
 Corpse Rot               Necr/Air       0%         N/A       98%         2
 Ensorcelled Hibernation  Hex/Ice        0%         N/A       98%         2
 Passwall                 Tmut/Erth      0%         N/A       98%         2
 Dazzling Flash           Conj/Hex       0%         N/A       100%        3
 Swiftness                Air            0%         N/A       100%        3
 Dispel Undead            Necr           0%         3d6       100%        4
 Iskenderun's Mystic Bla  Conj/Tloc      0%         2d3       100%        4
 Alistair's Intoxication  Tmut/Pois      0%         N/A       100%        5
 Summon Forest            Summ/Tloc      0%         N/A       100%        5
 Summon Mana Viper        Hex/Summ       0%         N/A       100%        5
 Death Channel            Necr           0%         N/A       100%        6
 Starburst                Conj/Fire      0%         6d3       100%        6
 Summon Cactus Giant      Summ           0%         N/A       100%        6


Dungeon Overview and Level Annotations

Branches:
Dungeon (10/15)            Temple (1/1) D:5             Orc (0/2) D:9
  Sewer (visited)          Bailey (visited)
   Lair: D:8-11

Altars:
Ashenzari
Cheibriados
Dithmenos
Elyvilon
Fedhas
Gozag
Hepliaklqana
Kikubaaqudgha
Nemelex Xobeh
Okawaru
Ru
Sif Muna
Trog
Uskayaw
Vehumet
Wu Jian
Xom
Yredelemnul

Shops:
D:1 (   D:3 (   D:9 =

Annotations:
D:4 1 runed translucent door
D:10 Erolcha


Innate Abilities, Weirdness & Mutations

Your life essence is reduced to manifest your ancestor. (-10% HP)
You have a pair of horns on your head.
You reflexively headbutt those who attack you in melee.


Message History

The spatial maelstrom completely misses you.
The spatial maelstrom hits you!
* * * LOW HITPOINT WARNING * * *
You block the spatial vortex's attack.
The chaos spawn gores Agathoclea!
Agathoclea's magic leaks into the air.
Agathoclea closely misses the chaos spawn.
You feel much better.
You block the spatial maelstrom's attack.
The spatial maelstrom hits you but does no damage.
Agathoclea casts a spell at the chaos spawn.
The chaos spawn resists with almost no effort.
The chaos spawn barely misses Agathoclea.
The spatial maelstrom hits you but does no damage. x2
The small abomination misses you.
Agathoclea hits the chaos spawn but does no damage.
The chaos spawn hits Agathoclea but does no damage.
The spatial maelstrom completely misses you.
You block the spatial maelstrom's attack.
Something completely misses Agathoclea.
A spatial vortex comes into view.
The spatial maelstrom hits you but does no damage.
The spatial maelstrom completely misses you.
You block the spatial maelstrom's attack.
The spatial maelstrom misses you.
The spatial maelstrom closely misses you. x2
Agathoclea's magic is no longer disrupted.
It was a potion of brilliance.
You feel clever all of a sudden.
You block the spatial maelstrom's attack.
The spatial maelstrom hits you!
* * * LOW HITPOINT WARNING * * *
Space warps horribly around you!!
* * * LOW HITPOINT WARNING * * *
A spatial vortex comes into view.
It was a potion of flight.
You feel more buoyant.
The spatial maelstrom hits you but does no damage.
The spatial maelstrom closely misses you.
The spatial maelstrom hits you!
You die...

#..#.# .#...##
4≈.♣ #.. #.#
.....#..≈♣
.≈≈#.#≈..v...*≈≈≈
##.≈≈≈≈≈≈...≈≈.≈
.
..#..≈##≈≈4.≈.##
. # #
......≈.≈≈≈####.#
.#.#.#.##≈≈≈# . #
###...≈.♣♣≈ # ...
#@xx.R.#..##..
... #v##.#..#
.#.#.##. ..v....
...# . # #....##
#.... ## .....#
##.. ....... #.
####.... .....


You could see the friendly Agathoclea the hexer, a spatial maelstrom (ally
target), a spatial vortex, a chaos spawn and 2 small abominations.

Vanquished Creatures
  A two-headed ogre (D:9)
  Pikel (D:5)
  A cyclops (D:10)
  Maggie (D:9)
  2 hellwings (Abyss:1)
  Grinder (D:5)
  A wraith (D:10)
  A vampire (D:9)
  14 yaks
  Grum (D:10)
  A steam dragon (D:10)
  3 wargs (D:9)
  A water moccasin (D:5)
  Duvessa (D:5)
  An orc warrior (Bailey)
  A necrophage (D:3)
  2 wolves (D:10)
  2 centaurs
  A kobold brigand (D:9)
  2 scorpions (D:4)
  Dowan (D:5)
  3 killer bees (D:9)
  A centaur zombie (D:6)
  2 jellies
  2 hounds
  Crazy Yiuf (D:4)
  A bullfrog skeleton (D:4)
  Jessica (D:3)
  Terence (D:3)
  A hell rat (Sewer)
  A human skeleton (D:4)
  A hound zombie (D:5)
  A hound skeleton (D:5)
  A howler monkey zombie (D:6)
  Robin (D:3)
  7 adders
  A river rat (Sewer)
  A dart slug (D:3)
  27 orcs
  6 bats
  An endoplasm (D:1)
  22 goblins
  18 hobgoblins
  6 quokkas
  5 ball pythons
  15 kobolds
  4 rats
171 creatures vanquished.

Vanquished Creatures (collateral kills)
  2 yaks (D:9)
  An orc warrior (Bailey)
  5 orcs (Bailey)
  A starspawn tentacle (Abyss:1)
9 creatures vanquished.

Vanquished Creatures (others)
  Maurice (D:9)
  A lurking horror (Abyss:1)
  A starspawn tentacle (Abyss:1)
3 creatures vanquished.

Grand Total: 183 creatures vanquished

Notes
Turn   | Place    | Note
-------+----------+-------------------------------------------
     0 | D:1      | robertstho the Minotaur Fighter began the quest for the
                  | Orb.
     0 | D:1      | Reached XP level 1. HP: 19/19 MP: 0/0
   224 | D:1      | Reached XP level 2. HP: 27/27 MP: 1/1
   284 | D:1      | Found a faded altar of an unknown god.
   287 | D:1      | Found Fecvosmo's Weapon Shoppe.
   652 | D:2      | Reached skill level 3 in Axes
   652 | D:2      | Reached XP level 3. HP: 7/33 MP: 2/2
  1241 | D:2      | Reached XP level 4. HP: 41/41 MP: 3/3
  1296 | D:2      | Found a hazy altar of Hepliaklqana.
  1450 | D:2      | Reached skill level 4 in Axes
  1578 | D:3      | Noticed Terence
  1589 | D:3      | Killed Terence
  1745 | D:3      | Noticed a necrophage
  1753 | D:3      | Reached XP level 5. HP: 41/46 MP: 4/4
  1770 | D:3      | Killed a necrophage
  1776 | D:3      | Identified the +0 chain mail of the Bespelled Echidna
                  | {Int+4}
  1839 | D:3      | Found Usefop's Weapon Emporium.
  2081 | D:3      | Found a glowing drain.
  2086 | Sewer    | Entered a sewer
  2094 | Sewer    | Reached skill level 5 in Armour
  2120 | Sewer    | Reached skill level 5 in Axes
  2528 | D:3      | Noticed Jessica
  2535 | D:3      | Killed Jessica
  2536 | D:3      | Reached XP level 6. HP: 50/55 MP: 5/5
  2671 | D:4      | Reached skill level 5 in Fighting
  2840 | D:4      | Found a white marble altar of Elyvilon.
  2877 | D:4      | Found a snail-covered altar of Cheibriados.
  2877 | D:4      | Found a hide-covered altar of Uskayaw.
  2969 | D:4      | Found a runed translucent door.
  2970 | D:4      | Noticed Crazy Yiuf
  3109 | D:4      | Found a runed translucent door.
  3109 | D:4      | Noticed a human
  3111 | D:4      | Found a basalt altar of Yredelemnul.
  3124 | D:4      | Reached skill level 6 in Axes
  3462 | D:4      | Killed Crazy Yiuf
  3463 | D:4      | Reached XP level 7. HP: 56/61 MP: 6/6
  3527 | D:5      | Entered Level 5 of the Dungeon
  3545 | D:5      | Noticed a yak
  3546 | D:5      | Noticed a yak
  3546 | D:5      | Noticed a yak
  3547 | D:5      | Noticed a yak
  3547 | D:5      | Noticed a yak
  3555 | D:5      | Killed a yak
  3556 | D:5      | Reached skill level 1 in Dodging
  3559 | D:5      | Killed a yak
  3560 | D:5      | Reached skill level 7 in Axes
  3563 | D:5      | Killed a yak
  3568 | D:5      | Killed a yak
  3569 | D:5      | Reached XP level 8. HP: 36/71 MP: 7/7
  3573 | D:5      | Reached skill level 8 in Axes
  3844 | D:5      | Noticed Pikel
  3861 | D:5      | Killed Pikel
  3862 | D:5      | Reached skill level 9 in Axes
  4227 | D:5      | Noticed Grinder
  4234 | D:5      | Found a staircase to the Ecumenical Temple.
  4243 | D:5      | Killed Grinder
  4250 | Temple   | Entered the Ecumenical Temple
  4648 | Temple   | Became a worshipper of Hepliaklqana the Forgotten
  4711 | D:5      | Reached XP level 9. HP: 66/79 MP: 8/8
  4721 | D:5      | Reached skill level 1 in Invocations
  4735 | D:5      | Reached skill level 10 in Axes
  4822 | D:5      | Noticed Duvessa
  4823 | D:5      | Noticed Dowan
  4841 | D:5      | Killed Duvessa
  4842 | D:5      | Killed Dowan
  5332 | D:5      | Identified the +1 ring mail of Cotad {*Slow rC+ rN++ Int+4}
  5499 | D:3      | Noticed Robin
  5504 | D:3      | Killed Robin
  5666 | D:1      | Bought a +0 hand axe of flaming for 74 gold pieces
  6049 | D:6      | You are sucked into a shaft and drop 3 floors!
  6050 | D:9      | Found Feafuk's Jewellery Shoppe.
  6050 | D:9      | Noticed Maurice
  6055 | D:9      | Reached skill level 5 in Shields
  6083 | D:9      | Killed Maurice
  6403 | D:9      | Reached * piety under Hepliaklqana
  6415 | D:9      | Found a staircase to the Orcish Mines.
  6421 | D:9      | Reached skill level 10 in Armour
  6426 | D:9      | Reached XP level 10. HP: 63/81 MP: 11/11
  6785 | D:9      | Found a sparkling altar of Nemelex Xobeh.
  7295 | D:9      | Noticed Maggie
  7296 | D:9      | Noticed a two-headed ogre
  7309 | D:9      | Killed a two-headed ogre
  7310 | D:9      | Reached skill level 11 in Axes
  7313 | D:9      | Killed Maggie
  7499 | D:10     | Entered Level 10 of the Dungeon
  7504 | D:10     | Found a flagged portal.
  7519 | Bailey   | Entered a bailey
  7532 | Bailey   | Reached skill level 1 in Stealth
  7619 | Bailey   | Noticed an orc knight
  7622 | Bailey   | Reached skill level 10 in Fighting
  7622 | Bailey   | Reached skill level 12 in Axes
  7622 | Bailey   | Reached skill level 5 in Dodging
  7622 | Bailey   | Reached skill level 5 in Invocations
  7622 | Bailey   | Reached skill level 1 in Evocations
  7622 | Bailey   | Reached XP level 11. HP: 90/90 MP: 12/14
  7937 | D:10     | Noticed Grum
  7955 | D:10     | Killed Grum
  8226 | D:10     | Reached ** piety under Hepliaklqana
  8255 | D:10     | Noticed Erolcha
  8266 | D:10     | Cast into level 1 of the Abyss (Erolcha)
  8268 | Abyss:1  | Remembered your ancestor Agathoclea as a hexer
  8347 | Abyss:1  | Noticed a tentacled starspawn
  8353 | Abyss:1  | Noticed a spatial maelstrom
  8382 | Abyss:1  | HP: 2/90 [spatial maelstrom (9)]
  8392 | Abyss:1  | HP: 3/90 [spatial maelstrom (23)]
  8393 | Abyss:1  | Mangled by a spatial maelstrom

Illustrated notes

Levels and vault maps discovered:
D:1:      heliophobic_arrival_glass_houses, layout_basic, serial_shops, shop,
          basic_ecumenical_altar, kennysheep_crisscross, minmay_close_crescents
D:2:      cheibrodos_greedy_goblins, layout_basic, basic_altar
D:3:      layout_basic, portal_sewer_entry_e, serial_shops, shop, uniq_jessica,
          uniq_terence, uniq_robin
D:4:      layout_loops_ring, nicolae_elyvilon_peaceful_grove,
          gammafunk_temple_overflow_elements, dk_yredelemnul_ordeal,
          uniq_crazy_yiuf_cottage
D:5:      layout_basic, minmay_temple_entry_trees, serial_curves,
          eino_curves_04, eino_curves_02, corexii_shack, grunt_ministairs_4,
          uniq_duvessa, uniq_grinder, uniq_pikel
D:6:      layout_gridville, jmf_multi_god_temple, ebering_ghost_inner_flame,
          sigmund_edmund_badplayer, uniq_blork_the_orc, uniq_edmund
D:9:      layout_gridville, nicolae_overflow_hidden_temple,
          minmay_orc_entry_guard_dogs, nicolae_stop_n_shop_1,
          kennysheep_flooded_box, uniq_maurice, uniq_maggie
D:10:     layout_roguey [special_room_bee], enter_bailey_5, serial_glass,
          glass_columns_c, glass_columns_c, glass_columns_a, glass_columns_a,
          glass_columns_b, glass_columns_a, glass_columns_b, glass_columns_a,
          evilmike_minifort, uniq_grum, uniq_erolcha
Temple:   nicolae_temple_figure_eight
Abyss:1:  base:
D:7

Skill      XL: |  1  2  3  4  5  6  7  8  9 10 |
---------------+-------------------------------+-----
Fighting       | 4 5 6 7 9 10 | 10.8
Armour         | 4 5 7 8 10 11 | 11.6
Axes           | 3 4 5 6 7 9 10 12 | 12.2
Shields        | 4 5 6 |  6.4
Dodging        | 1 2 5 |  5.0
Invocations    | 3 5 |  5.9
Stealth        | 2 |  2.3
Evocations     | 1 |  1.8

Action                   |  1- 3 |  4- 6 |  7- 9 | 10-12 || total
-------------------------+-------+-------+-------+-------++-------
Melee: War axe           |    74 |    97 |   181 |   123 ||   475
       Headbutt          |     6 |    17 |    34 |    30 ||    87
Invok: Recall Ancestor   |       |       |       |     1 ||     1
       Ancestor Life: He |       |       |       |     1 ||     1
  Use: Scroll            |       |     5 |     1 |     2 ||     8
       Potion            |       |       |     4 |     5 ||     9
 Stab: Distracted        |       |       |       |     4 ||     4
       Confused          |       |       |       |     2 ||     2
Armor: Scale mail        |    30 |       |       |       ||    30
       Plate armour      |    10 |    34 |       |       ||    44
       Chain mail        |       |    16 |   107 |    91 ||   214
Dodge: Dodged            |    35 |    26 |    80 |   114 ||   255
Block: Buckler           |    23 |    17 |    28 |    57 ||   125

Table legend: (Time is in decaauts)
 A = Elapsed time spent in this place.
 B = Non-inter-level travel time spent in this place.
 C = Inter-level travel time spent in this place.
 D = Time resting spent in this place.
 E = Time spent auto-exploring this place.
 F = Levels seen in this place.
 G = Mean time per level.
                   A        B        C        D        E       F      G
               +--------+--------+--------+--------+--------+-----+--------+
         Total |   8446 |   7950 |    496 |    253 |   6461 |  12 |  703.8 |
       Dungeon |   7693 |   7221 |    472 |    253 |   5938 |   8 |  961.6 |
        Temple |    413 |    389 |     24 |      0 |    376 |   1 |  413.0 |
         Abyss |    125 |    125 |      0 |      0 |     53 |   1 |  125.0 |
         Sewer |     73 |     73 |      0 |      0 |     38 |   1 |   73.0 |
        Bailey |    141 |    141 |      0 |      0 |     56 |   1 |  141.0 |
               +--------+--------+--------+--------+--------+-----+--------+

Top non-repeatable levels by time:
     D:5: 1729 daAuts
     D:9: 1431 daAuts
     D:3: 1194 daAuts
     D:4: 1102 daAuts
     D:2: 893 daAuts
     D:1: 680 daAuts
    D:10: 626 daAuts
  Temple: 413 daAuts
  Bailey: 141 daAuts
 Abyss:1: 125 daAuts
   Sewer: 73 daAuts
     D:6: 35 daAuts
